 Dungeon Crawl Stone Soup version 0.29-a0-369-gd956c00756 (webtiles) character file.

Game seed: 9541948282294687166

4348 timneilson the Protected (level 10, -1/91 HPs)
             Began as a Gargoyle Fighter on May 2, 2022.
             Was an Initiate of Okawaru.
             Slain by a steam dragon (3 damage)
             ... on level 7 of the Dungeon.
             The game lasted 00:22:40 (10154 turns).

timneilson the Protected (Gargoyle Fighter)        Turns: 10154, Time: 00:22:41

Health: -1/91      AC: 25    Str: 24    XL:     10   Next: 34%
Magic:  0/10       EV:  2    Int:  9    God:    Okawaru [......]
Gold:   401        SH:  6    Dex:  9    Spells: 9/9 levels left

rFire   . . .      SeeInvis .   m - +2 scimitar
rCold   . . .      Faith    .   c - +0 buckler
rNeg    + . .      Spirit   +   (body armour currently unavailable)
rPois   ∞          Reflect  .   (helmet currently unavailable)
rElec   .          Harm     .   (cloak currently unavailable)
rCorr   .          Rampage  .   (gloves currently unavailable)
Will    .....      NoTele   +   (boots currently unavailable)
Stlth   +.........              e - amulet of guardian spirit
HPRegen 0.25/turn               (no ring)
MPRegen 0.12/turn               (no ring)

@: tree-form, invisible
A: stationary, stasis, torment immunity, boosted hp, sickness immunity, AC +7,
negative energy resistance 1, (electricity resistance), torment resistance 1,
petrification resistance
a: Renounce Religion


You were on level 7 of the Dungeon.
You worshipped Okawaru.
Okawaru was noncommittal.
You were a tree.
You visited 2 branches of the dungeon, and saw 8 of its levels.
You also visited: Sewer.

You collected 401 gold pieces.

Inventory:

Hand Weapons
 a - a +1 long sword
 m - a +2 scimitar (weapon)
Missiles
 j - 2 throwing nets (quivered)
Armour
 c - a +0 buckler (worn)
 d - a +0 chain mail (melded)
 o - a +0 cloak (melded)
 p - a +0 helmet (melded)
Jewellery
 e - an amulet of guardian spirit (around neck)
Wands
 b - a wand of acid (3)
 h - a wand of iceblast (7)
 n - a wand of flame (41)
Scrolls
 g - a scroll of enchant armour {unknown}
 i - 2 scrolls of teleportation
 l - a scroll of fear
 s - a scroll of fog
 t - a scroll of identify
 u - a scroll of vulnerability {unknown}
 v - a scroll of noise {unknown}
Potions
 f - a potion of lignification
 q - a potion of brilliance
 r - a potion of attraction


   Skills:
 + Level 6.9 Fighting
 * Level 7.6 Long Blades
 * Level 9.6 Armour
 + Level 4.4 Dodging
 * Level 9.4 Shields
 + Level 0.3 Invocations
 + Level 4.4 Evocations


You had 9 spell levels left.
You didn't know any spells.
Your spell library contained the following spells:

 Spells                   Type           Power      Damage    Failure   Level
 Pain                     Necr           0%         1d4       45%         1
 Wereblood                Tmut           0%         N/A       58%         2
 Gell's Gravitas          Tloc           0%         N/A       83%         3
 Lesser Beckoning         Tloc           0%         N/A       83%         3
 Teleport Other           Tloc           0%         N/A       83%         3
 Vampiric Draining        Necr           0%         2d6       83%         3
 Animate Skeleton         Necr           Unusable   N/A       N/A         1
 Sublimation of Blood     Necr           Unusable   N/A       N/A         2
 Summon Hydra             Summ           Unusable   N/A       N/A         7

Dungeon Overview and Level Annotations

Branches:
Dungeon (7/15)             Temple (1/1) D:7           Sewer (visited)

Altars:
Ashenzari
Cheibriados
Dithmenos
Gozag
Hepliaklqana
Makhleb
Nemelex Xobeh
Okawaru
Qazlal
Ru
Sif Muna
Trog
Uskayaw
Vehumet
Wu Jian
Xom
Yredelemnul
Zin
The Shining One

Shops:
D:4 (   D:5 :   D:6 [:([!

Annotations:
D:7 1 runed translucent door


Innate Abilities, Weirdness & Mutations

You are a tree.
Your roots penetrate the ground, keeping you stationary.
You cannot be teleported.
You are immune to unholy pain and torment.
Your maximum health is greatly increased.
Your equipment is partially melded.
You are immune to sickness and miasma.
((Your stone body is resilient. (AC +7)))
You are immune to poison.
You resist negative energy. (rN+)
((You are resistant to electric shocks. (rElec)))
You are resistant to unholy torment.
You are immune to petrification.


Message History

You hit Joseph but do no damage.
Joseph is severely wounded.
Joseph hits you but does no damage.
You catch the helpless Joseph completely off-guard!
You slash Joseph!
Joseph is severely wounded.
Joseph hits you but does no damage.
The shadow imp shouts, "Give in, thou worthless fly-bitten nobody!"
You catch the helpless Joseph completely off-guard!
You hit Joseph.
Joseph is almost dead.
You hit Joseph but do no damage.
Joseph is almost dead.
Joseph barely misses you.
You hit Joseph.
Joseph is almost dead.
Joseph hits you but does no damage.
You slash Joseph!
You kill Joseph!
Okawaru accepts your kill.
You slash the shadow imp!
The shadow imp is almost dead.
The steam dragon breathes steam at the shadow imp.
The ball of steam hits the shadow imp!!
The shadow imp dies!
The ball of steam hits you.
* * * LOW HITPOINT WARNING * * *
Okay, then.
* * * LOW HITPOINT WARNING * * *
* * * LOW HITPOINT WARNING * * *
You closely miss the steam dragon. The steam dragon bites you.
* * * LOW HITPOINT WARNING * * *
You block the steam dragon's attack.
You closely miss the steam dragon.
The steam dragon bites you but does no damage.
You block the steam dragon's attack.
You hit the steam dragon.
The steam dragon is lightly wounded.
The steam dragon bites you.
You die...

# . . . ## ..#
#######.# #.#
#§.§♣D..# #.#
#.####### #.# #.....#
#.#####.###.#
#.......#3#.#
#.....>.#+#.#
##...###.....###
######.###.##....>..#
.....†.# #.##.......#


You could see a steam dragon (can't see you).

Vanquished Creatures
  Joseph (D:7)
  Grinder (D:3)
  Menkaure (D:7)
  Duvessa (D:7)
  A black bear (D:6)
  2 ice beasts
  A centaur (D:5)
  A kobold brigand (Sewer)
  4 bullfrogs
  3 necrophages
  A gnoll sergeant (D:6)
  A scorpion (D:5)
  5 wights (D:6)
  Dowan (D:7)
  4 killer bees (D:7)
  3 howler monkeys (D:6)
  9 hounds
  A gnoll shaman (D:7)
  2 orc priests
  2 jellies
  Jessica (D:2)
  2 iguanas
  An orc wizard (D:6)
  12 gnolls
  A river rat (Sewer)
  10 adders
  4 shadow imps
  6 worms
  6 dart slugs
  13 orcs
  6 ball pythons
  11 endoplasms
  5 giant cockroaches
  10 goblins
  5 hobgoblins
  13 jackals
  4 quokkas
  4 bats
  9 frilled lizards
  5 kobolds
  8 rats
181 creatures vanquished.

Vanquished Creatures (others)
  A shadow imp (D:7)
  17 plants
18 creatures vanquished.

Grand Total: 199 creatures vanquished

Notes
Turn   | Place    | Note
-------+----------+-------------------------------------------
     0 | D:1      | timneilson the Gargoyle Fighter began the quest for the
                  | Orb.
     0 | D:1      | Reached XP level 1. HP: 14/14 MP: 1/1
   227 | D:1      | Reached XP level 2. HP: 11/19 MP: 2/2
   652 | D:1      | Reached XP level 3. HP: 22/23 MP: 3/3
   666 | D:1      | Found a faded altar of an unknown god.
  1390 | D:2      | Found a shadowy altar of Dithmenos.
  1421 | D:2      | Identified the +0 robe of Greed {rC+ Dex+2}
  1829 | D:2      | Noticed Jessica
  1842 | D:2      | Killed Jessica
  1843 | D:2      | Reached XP level 4. HP: 14/28 MP: 0/4
  3113 | D:3      | Noticed Grinder
  3130 | D:3      | Reached XP level 5. HP: 26/32 MP: 3/5
  3148 | D:3      | Killed Grinder
  3149 | D:3      | Reached skill level 5 in Armour
  3149 | D:3      | Reached skill level 1 in Dodging
  3149 | D:3      | Reached XP level 6. HP: 34/38 MP: 6/6
  3784 | D:4      | Found an ornate altar of the Wu Jian Council.
  3817 | D:4      | Found a glowing silver altar of Zin.
  3817 | D:4      | Found a shadowy altar of Dithmenos.
  3880 | D:4      | Found a glowing drain.
  3921 | Sewer    | Entered a sewer
  4058 | Sewer    | Reached XP level 7. HP: 42/43 MP: 7/7
  4174 | Sewer    | Reached skill level 5 in Shields
  4807 | D:4      | Found a glowing golden altar of the Shining One.
  5132 | D:4      | Found a radiant altar of Vehumet.
  5161 | D:4      | Found a snail-covered altar of Cheibriados.
  5352 | D:4      | Found Keifeot's Weapon Boutique.
  5699 | D:5      | Entered Level 5 of the Dungeon
  5726 | D:5      | Reached skill level 1 in Evocations
  5730 | D:5      | Found Ger Qoeceur's Self-Improvement Boutique.
  5966 | D:5      | Reached XP level 8. HP: 40/48 MP: 8/8
  6860 | D:5      | Found a basalt altar of Yredelemnul.
  6862 | D:5      | Found a shimmering altar of Xom.
  6862 | D:5      | Found an ornate altar of the Wu Jian Council.
  6864 | D:5      | Found a shimmering altar of Xom.
  6864 | D:5      | Found an opulent altar of Gozag.
  6864 | D:5      | Found a hide-covered altar of Uskayaw.
  7389 | D:5      | Reached XP level 9. HP: 56/56 MP: 9/9
  7657 | D:6      | Found Hageh's Book Shoppe.
  7782 | D:6      | Found Sompaq's Antique Weapon Emporium.
  8203 | D:6      | Found Horrusko's Distillery.
  8295 | D:6      | Found Tunnaguu's Antique Armour Emporium.
  8431 | D:6      | Found Elool's Armour Boutique.
  8438 | D:6      | Identified the +1 robe of Buliv {rC- rCorr Str+7 Int+2}
  8853 | D:6      | Reached XP level 10. HP: 40/61 MP: 6/10
  9129 | D:7      | Noticed Dowan
  9230 | D:7      | Killed Dowan
  9544 | D:7      | Found a runed translucent door.
  9544 | D:7      | Found a burning altar of Makhleb.
  9544 | D:7      | Noticed a sixfirhy
  9545 | D:7      | Noticed Duvessa
  9547 | D:7      | Found a staircase to the Ecumenical Temple.
  9548 | D:7      | Noticed Menkaure
  9575 | D:7      | Killed Duvessa
  9582 | D:7      | Killed Menkaure
  9604 | Temple   | Entered the Ecumenical Temple
  9609 | Temple   | Became a worshipper of Warmaster Okawaru
 10109 | D:7      | Noticed Joseph
 10148 | D:7      | Killed Joseph
 10152 | D:7      | HP: 2/91 [steam dragon (5)]
 10154 | D:7      | Slain by a steam dragon

Illustrated notes

Levels and vault maps discovered:
D:1:      sevenhm_arrival_forest_fort_large_2, layout_basic,
          hellmonk_ecumenical_altar_blasted
D:2:      layout_basic, basic_altar, minivault_26, minmay_lizard_king,
          uniq_jessica
D:3:      minmay_chambers_of_twos, layout_loops_cross, minivault_11,
          uniq_grinder
D:4:      layout_loops_corners, mainiacjoe_overflow_six_doors_small,
          mainiacjoe_overflow_concentric_impassable,
          mainiacjoe_overflow_two_lobes, gammafunk_temple_overflow_pools,
          cheibrodos_sewer_entry_bend, serial_shops, shop, serial_bayou_crossing
D:5:      layout_cave_pods, doesnt_xom_only_xom, nicolae_shop_self_help
D:6:      layout_cave_pods, serial_shops, nicolae_stop_n_shop_2, shop,
          shop_statue, nicolae_take_the_stairs, kennysheep_mini
D:7:      layout_loops_ring, nzn_makhleb_speed_demon,
          minmay_temple_entry_crystal_x, uniq_duvessa, uniq_menkaure,
          uniq_joseph
Temple:   minmay_freezing_vapour_temple

Skill      XL: |  1  2  3  4  5  6  7  8  9 |
---------------+----------------------------+-----
Long Blades    | 2 3 4 7 |  7.6
Armour         | 4 5 9 |  9.6
Shields        | 4 5 8 9 |  9.4
Dodging        | 1 2 4 |  4.4
Fighting       | 4 6 |  6.9
Evocations     | 1 4 |  4.4
Invocations    | |  0.3

Action                   |  1- 3 |  4- 6 |  7- 9 | 10-12 || total
-------------------------+-------+-------+-------+-------++-------
Melee: Long sword        |   177 |   171 |   371 |       ||   719
       Scimitar          |       |       |    86 |   173 ||   259
  Use: Scroll            |     2 |     3 |     8 |       ||    13
       Potion            |     1 |     1 |     3 |     7 ||    12
 Stab: Invisible         |       |       |       |     3 ||     3
Armor: Scale mail        |    99 |    25 |       |       ||   124
       Chain mail        |       |    70 |   363 |   113 ||   546
       Skin              |       |       |       |     7 ||     7
Dodge: Dodged            |    97 |    76 |   219 |    77 ||   469
Block: Buckler           |    40 |    30 |   138 |    54 ||   262

Table legend: (Time is in decaauts)
 A = Elapsed time spent in this place.
 B = Non-inter-level travel time spent in this place.
 C = Inter-level travel time spent in this place.
 D = Time resting spent in this place.
 E = Time spent auto-exploring this place.
 F = Levels seen in this place.
 G = Mean time per level.
                   A        B        C        D        E       F      G
               +--------+--------+--------+--------+--------+-----+--------+
         Total |  10454 |  10227 |    227 |    863 |   6822 |   9 | 1161.6 |
       Dungeon |   9618 |   9391 |    227 |    863 |   6216 |   7 | 1374.0 |
        Temple |      9 |      9 |      0 |      0 |      0 |   1 |    9.0 |
         Sewer |    826 |    826 |      0 |      0 |    605 |   1 |  826.0 |
               +--------+--------+--------+--------+--------+-----+--------+

Top non-repeatable levels by time:
     D:6: 1744 daAuts
     D:4: 1615 daAuts
     D:5: 1443 daAuts
     D:1: 1399 daAuts
     D:2: 1368 daAuts
     D:3: 1074 daAuts
     D:7: 972 daAuts
   Sewer: 826 daAuts
  Temple: 9 daAuts
